 Dungeon Crawl Stone Soup version 0.20.0-14-g326068f (webtiles) character file.

38401 greprep the Stickfighter (level 13, -9/125 HPs)
             Began as a Minotaur Fighter on June 8, 2017.
             Was an Elder of Ashenzari.
             Shot with an arrow by Nessos (28 damage)
             ... on level 15 of the Dungeon.
             The game lasted 00:42:30 (17534 turns).

greprep the Stickfighter (Minotaur Fighter)        Turns: 17534, Time: 00:42:31

Health: -9/125     AC: 12    Str: 25    XL:     13   Next: 63%
Magic:  12/12      EV: 16    Int:  5    God:    Ashenzari [****..]
Gold:   377        SH:  0    Dex: 18    Spells: 12/12 levels left

rFire    . . .     SeeInvis +   r - +2 lajatang (speed) (curse)
rCold    + . .     Gourm    +   (shield currently unavailable)
rNeg     + . .     Faith    .   G - +0 scale mail {rN+} (curse)
rPois    .         Spirit   .   e - +0 hat (curse)
rElec    .         Reflect  .   m - +0 cloak (curse)
rCorr    .         Harm     .   (no gloves)
MR       +....     Clarity  +   l - +0 pair of boots (curse)
Stlth    ..........             j - amulet "Nief" {Gourm rC+ MR+} (curse)
Regen    0.3/turn               V - +3 ring of dexterity
MPRegen  0.2/turn               M - +4 ring of dexterity (curse)

@: no status effects
A: retaliatory headbutt, horns 2
a: Curse Item, Scrying, Renounce Religion


You were on level 15 of the Dungeon.
You worshipped Ashenzari.
Ashenzari was greatly pleased with you.
You were very hungry.

You visited 2 branches of the dungeon, and saw 16 of its levels.

You collected 1071 gold pieces.
You spent 694 gold pieces at shops.

Inventory:

Hand Weapons
 r - a cursed +2 lajatang of speed (weapon)
 s - the +8 whip "Snakebite" {curare, rPois}
   (You found it on level 13 of the Dungeon)

   It poisons the flesh of those it strikes.
   It protects you from poison.
 Z - a +4 long sword
Armour
 c - a +0 shield
 e - a cursed +0 hat (worn)
 l - a cursed +0 pair of boots (worn)
 m - a cursed +0 cloak (worn)
 t - a +2 buckler
 u - a +1 hat
 G - a cursed +0 scale mail of positive energy (worn)
Jewellery
 j - the cursed amulet "Nief" (around neck) {Gourm rC+ MR+}
   (You bought it in a shop on level 5 of the Dungeon)

   [amulet of the gourmand]

   It allows you to eat raw meat even when not hungry.
   It protects you from cold.
   It affects your resistance to hostile enchantments.
   It has a curse placed upon it.
 M - a cursed +4 ring of dexterity (right hand)
 V - a +3 ring of dexterity (left hand)
Wands
 a - a wand of digging (9/24)
 b - a wand of enslavement (4/24)
 y - a wand of iceblast (7/15)
 A - a wand of disintegration (17/24)
 E - a wand of disintegration (16/24)
 H - a wand of confusion (9/48)
 I - a wand of acid (10/15)
 J - a wand of flame (19/48)
 P - a wand of disintegration (11/24)
 Q - a wand of lightning (4/15)
 R - a wand of polymorph (18/24)
 S - a wand of digging (16/24)
 U - a wand of clouds (5/9)
Scrolls
 i - 2 scrolls of enchant armour
 k - 4 scrolls of recharging
 n - 4 scrolls of remove curse
 o - 2 scrolls of magic mapping
 p - 10 scrolls of teleportation
 q - 4 scrolls of fear
 C - 5 scrolls of blinking
 F - a scroll of summoning {unknown}
 O - a scroll of amnesia
 Y - a scroll of holy word
Potions
 d - 2 potions of might
 h - 2 potions of invisibility {unknown}
 w - a potion of agility {unknown}
 x - 2 potions of resistance
 z - 7 potions of curing
 D - a potion of lignification {unknown}
 K - 2 potions of flight
 T - 2 potions of heal wounds {unknown}
Books
 v - the Almanac of Earth and Moulding
   (You found it on level 11 of the Dungeon)

   Spells                             Type                      Level
   a - Passwall                       Transmutation/Earth          2
   b - Leda's Liquefaction            Hexes/Earth                  4
   c - Statue Form                    Transmutation/Earth          6
   d - Hydra Form                     Transmutation                6
 N - a book of Beasts

   Spells                             Type                      Level
   a - Summon Butterflies             Summoning                    1
   b - Call Canine Familiar           Summoning                    3
   c - Summon Ice Beast               Ice/Summoning                4
   d - Summon Mana Viper              Hexes/Summoning              5
   e - Summon Hydra                   Summoning                    7
Comestibles
 f - 10 bread rations
 g - 6 royal jellies
 B - 5 meat rations
 W - 6 fruits


   Skills:
 * Level 14.4 Fighting
 - Level 3.8 Long Blades
 * Level 18.9(22.5) Staves
 + Level 11.2(13.2) Armour
 + Level 5.5(7.8) Dodging
 + Level 5.3 Shields


You had 12 spell levels left.
You didn't know any spells.

Dungeon Overview and Level Annotations

Branches:
Dungeon (15/15)            Temple (1/1) D:7            Lair (0/6) D:9
    Orc (0/2) D:11         Vaults (0/5) D:14         Depths (0/5) D:15

Altars:
Ashenzari
Cheibriados
Dithmenos
Elyvilon
Fedhas
Gozag
Hepliaklqana
Kikubaaqudgha
Makhleb
Nemelex Xobeh
Okawaru
Qazlal
Ru
Sif Muna
Trog
Uskayaw
Vehumet
Xom
Yredelemnul
Zin
The Shining One

Shops:
D:5 =   D:7 %   D:14 (

Annotations:
D:15 Nessos


Innate Abilities, Weirdness & Mutations

You reflexively headbutt those who attack you in melee.
You have a pair of horns on your head.


Message History

The centaur shoots an arrow.
The arrow hits you but does no damage.
You see here 2 arrows.
Nessos blinks! x2
Your surroundings suddenly seem different.
Nessos blinks!
Nessos screams, "Help!"
Nessos blinks!
Nessos blinks!
Nessos cries, "Oh dear!
Oh dear!"
Nessos blinks! x2
Nessos blinks! x2
You see here a bullfrog skeleton.
Nessos blinks!
Nessos shoots an arrow.
The arrow barely misses you.
Nessos shoots an arrow.
The arrow closely misses you.
Nessos shoots an arrow.
The arrow barely misses you.
You see here an arrow.
As you read the scroll of fog, it crumbles to dust.
The scroll dissolves into smoke.
Nessos shoots an arrow.
The arrow hits you!!
You die...

* ** 8** #...... , , , * #.....
, , ** ** #.....,,,, , *
####### , ,,+....#8*** * **
#......
####....################......
.......................#......
** #........§§§........#......
#.....÷..§@§........#......
#####.)..÷...§§§...............
#...#..c.#########.......(.....
* #...#....# #..............
###(..#....# #............).
...........# #............##
...........# #..............
..c.§......# ##.........†.##
###§.......# #...........#


You could see Nessos.

Vanquished Creatures
  An ettin (D:15)
  Josephine (D:12)
  A hydra (D:15)
  3 centaur warriors
  2 dancing weapons (D:14)
  A tengu warrior (D:13)
  6 two-headed ogres
  An ogre mage (D:15)
  A deep troll (D:15)
  4 unseen horrors
  A wolf spider zombie (D:13)
  2 deep elf magi
  2 manticores
  15 ugly things
  Joseph (D:8)
  3 centaur zombies
  2 gargoyles
  Psyche (D:12)
  A troll (D:12)
  Grinder (D:6)
  3 slime creatures (D:12)
  3 hippogriffs
  2 hornets
  5 wraiths (D:12)
  12 yaks
  2 wyverns
  A vampire (D:10)
  A water elemental (D:14)
  3 wargs (D:11)
  2 hungry ghosts
  7 vampire mosquitoes
  A water moccasin (D:10)
  2 acid dragons
  4 orc warriors
  2 ice beasts (D:9)
  3 phantoms
  2 black bears
  3 eyes of draining
  A necrophage (D:9)
  2 sky beasts (D:11)
  7 ogres
  2 crocodiles
  15 centaurs
  Blork the orc (D:4)
  A big kobold (D:10)
  10 bullfrogs
  6 scorpions
  A water moccasin skeleton (D:8)
  21 killer bees
  5 jellies
  10 wights
  An electric eel (D:14)
  5 howler monkeys
  6 crimson imps
  2 bullfrog zombies
  A quasit (D:11)
  3 orc priests
  A gnoll shaman (D:4)
  Crazy Yiuf (D:5)
  4 centaur skeletons
  A hound (shapeshifter) (D:14)
  4 hounds
  9 orc wizards
  4 iguanas
  13 worker ants
  2 hound zombies
  A hound skeleton (D:6)
  13 gnolls
  6 adders
  6 shadow imps
  An ooze (D:1)
  An adder skeleton (D:4)
  3 dart slugs (D:1)
  8 leopard geckos
  46 orcs
  2 ball pythons
  4 giant cockroaches
  3 goblins
  9 hobgoblins
  5 jackals
  8 kobolds
  5 quokkas
  5 bats
  3 frilled lizards
  A jackal skeleton (D:6)
  2 quokka skeletons
  A quokka zombie (D:7)
  5 rats
385 creatures vanquished.

Vanquished Creatures (others)
  An ugly thing (D:11)
  2 trolls (D:11)
  An orc warrior (D:11)
  3 jellies (D:11)
  A worker ant (D:11)
  An adder (D:11)
9 creatures vanquished.

Grand Total: 394 creatures vanquished

Notes
Turn   | Place    | Note
-------+----------+-------------------------------------------
     0 | D:1      | greprep the Minotaur Fighter began the quest for the Orb.
     0 | D:1      | Reached XP level 1. HP: 19/19 MP: 0/0
     0 | D:1      | Noticed a minotaur skeleton
     0 | D:1      | Noticed a minotaur skeleton
    85 | D:1      | Reached XP level 2. HP: 27/27 MP: 1/1
   770 | D:2      | Reached XP level 3. HP: 33/33 MP: 2/2
  1107 | D:2      | Reached XP level 4. HP: 25/40 MP: 3/3
  1746 | D:3      | Reached skill level 1 in Dodging
  1803 | D:3      | Found a sparkling altar of Nemelex Xobeh.
  2457 | D:4      | Reached XP level 5. HP: 46/46 MP: 4/4
  2490 | D:4      | Reached skill level 1 in Staves
  2495 | D:4      | Reached skill level 5 in Shields
  2666 | D:4      | Noticed Blork the orc
  2674 | D:4      | Killed Blork the orc
  2674 | D:4      | Reached skill level 2 in Staves
  2674 | D:4      | Reached XP level 6. HP: 43/53 MP: 5/5
  2742 | D:4      | Found a sparkling altar of Nemelex Xobeh.
  3012 | D:4      | Reached skill level 3 in Staves
  3123 | D:5      | Entered Level 5 of the Dungeon
  3123 | D:5      | Found Tuciolak's Jewellery Emporium.
  3131 | D:4      | Reached skill level 5 in Armour
  3318 | D:5      | Reached skill level 4 in Staves
  3520 | D:5      | Reached XP level 7. HP: 60/60 MP: 6/6
  3551 | D:5      | Found a runed door.
  3555 | D:5      | Noticed Crazy Yiuf
  3560 | D:5      | Killed Crazy Yiuf
  3611 | D:5      | Reached skill level 5 in Staves
  4088 | D:6      | Reached skill level 6 in Staves
  4114 | D:6      | Reached skill level 7 in Staves
  4150 | D:6      | Reached skill level 5 in Fighting
  4207 | D:6      | Noticed Grinder
  4211 | D:6      | Reached XP level 8. HP: 62/68 MP: 7/7
  4222 | D:6      | Reached skill level 8 in Staves
  4232 | D:6      | Killed Grinder
  4287 | D:6      | Reached skill level 9 in Staves
  4907 | D:6      | Reached skill level 10 in Staves
  5212 | D:6      | Found a hide-covered altar of Uskayaw.
  5212 | D:6      | Found a glowing golden altar of the Shining One.
  5214 | D:6      | Found an opulent altar of Gozag.
  5286 | D:7      | Found a hazy altar of Hepliaklqana.
  5376 | D:7      | Found Ziul Emes's Food Shoppe.
  5460 | D:7      | Reached XP level 9. HP: 75/75 MP: 8/8
  5486 | D:7      | Reached skill level 11 in Staves
  5881 | D:7      | Found a staircase to the Ecumenical Temple.
  5890 | Temple   | Entered the Ecumenical Temple
  5989 | Temple   | Became a worshipper of Ashenzari the Shackled
  7055 | D:8      | Reached skill level 12 in Staves
  7130 | D:8      | Noticed Joseph
  7140 | D:8      | Killed Joseph
  7841 | D:8      | Found a burning altar of Makhleb.
  7860 | D:8      | Reached skill level 13 in Staves
  7860 | D:8      | Reached XP level 10. HP: 75/84 MP: 9/9
  8121 | D:9      | Found a staircase to the Lair.
  8350 | D:9      | Reached * piety under Ashenzari
  8355 | D:9      | Found a stormy altar of Qazlal.
  8967 | D:9      | Reached skill level 14 in Staves
  9028 | D:10     | Entered Level 10 of the Dungeon
  9129 | D:10     | Noticed a two-headed ogre
  9133 | D:10     | Killed a two-headed ogre
  9646 | D:10     | Reached skill level 15 in Staves
 10036 | D:10     | Noticed a two-headed ogre
 10051 | D:10     | Killed a two-headed ogre
 10051 | D:10     | Reached XP level 11. HP: 57/93 MP: 10/10
 10266 | D:10     | Reached ** piety under Ashenzari
 11059 | D:5      | Bought the amulet "Nief" {Gourm rC+ MR+} for 694 gold pieces
 11228 | D:11     | Killed a red ugly thing
 11295 | D:11     | Found a shimmering altar of Xom.
 11322 | D:11     | Identified the Almanac of Earth and Moulding
 11991 | D:11     | Found a staircase to the Orcish Mines.
 12051 | D:11     | Noticed a green ugly thing
 12056 | D:11     | Killed a green ugly thing
 12487 | D:12     | Noticed Psyche
 12488 | D:12     | Reached skill level 16 in Staves
 12609 | D:12     | Killed Psyche
 12705 | D:12     | Found a stormy altar of Qazlal.
 12709 | D:12     | Reached *** piety under Ashenzari
 12729 | D:12     | Noticed Josephine
 12737 | D:12     | Killed Josephine
 12745 | D:12     | Reached skill level 10 in Fighting
 13141 | D:12     | Reached XP level 12. HP: 94/107 MP: 11/11
 13227 | D:12     | Reached skill level 5 in Dodging
 13462 | D:13     | Reached skill level 10 in Armour
 13538 | D:13     | Reached skill level 17 in Staves
 13643 | D:13     | Noticed a two-headed ogre
 13661 | D:13     | Killed a two-headed ogre
 14154 | D:13     | Noticed a tengu warrior
 14166 | D:13     | Killed a tengu warrior
 14384 | D:14     | Noticed a centaur warrior
 14397 | D:14     | Killed a centaur warrior
 14530 | D:14     | Found a gate to the Vaults.
 15036 | D:14     | Noticed a centaur warrior
 15042 | D:14     | Killed a centaur warrior
 15149 | D:14     | Reached **** piety under Ashenzari
 15152 | D:14     | Found Ydwiyri's Antique Weapon Shop.
 15447 | D:14     | Reached XP level 13. HP: 119/119 MP: 12/12
 15504 | D:14     | Reached skill level 18 in Staves
 15759 | D:14     | Found a sparkling altar of Nemelex Xobeh.
 16092 | D:15     | Entered Level 15 of the Dungeon
 16342 | D:15     | Noticed an ettin
 16777 | D:15     | Killed an ettin
 17102 | D:15     | Found a staircase to the Depths.
 17505 | D:15     | Noticed Nessos
 17520 | D:15     | HP: 4/125 [poisoned by Nessos]
 17534 | D:15     | Shot with an arrow by Nessos

Skill      XL: |  1  2  3  4  5  6  7  8  9 10 11 12 13 |
---------------+----------------------------------------+-----
Shields        | 4 5 |  5.3
Armour         | 4 5 6 7 9 10 11 | 11.2
Fighting       | 4 5 6 7 10 12 14 | 14.4
Long Blades    | 3 |  3.8
Dodging        | 1 2 3 4 5 |  5.5
Staves         | 2 4 7 10 13 15 16 17 18 | 18.9

Action                   |  1- 3 |  4- 6 |  7- 9 | 10-12 | 13-15 || total
-------------------------+-------+-------+-------+-------+-------++-------
Melee: Long sword        |    50 |    49 |       |       |       ||    99
       Headbutt          |     8 |    22 |    38 |   125 |    39 ||   232
       Lajatang          |       |    80 |   282 |   563 |   134 ||  1059
Invok: Curse Item        |       |       |       |     7 |       ||     7
  Use: Scroll            |       |       |       |    20 |     3 ||    23
       Potion            |       |       |       |     1 |     2 ||     3
  Eat: Chunk             |       |     3 |     2 |    16 |       ||    21
       Bread ration      |       |     1 |     2 |     1 |       ||     4
       Meat ration       |       |       |     1 |     1 |     1 ||     3
Armor: Scale mail        |    20 |    64 |    75 |   150 |    30 ||   339
Dodge: Dodged            |    15 |    52 |   106 |   254 |    57 ||   484
Block: Shield            |    23 |    28 |       |       |       ||    51
       Rpst.: Long sword |     4 |     4 |       |       |       ||     8
